 Dungeon Crawl Stone Soup version 0.20.0-10-g0535bb4 (webtiles) character file.

316 Jannitor the Magician (level 6, -10/49 HPs)
             Began as a Naga Wizard on June 3, 2017.
             Mangled by an ogre
             ... wielding a +0 giant spiked club
              (26 damage)
             ... on level 4 of the Dungeon.
             The game lasted 00:05:54 (3906 turns).

Jannitor the Magician (Naga Wizard)                 Turns: 3906, Time: 00:05:56

Health: -10/49     AC:  3    Str: 10    XL:     6   Next: 44%
Magic:  2/13       EV: 10    Int: 25    God:
Gold:   160        SH:  0    Dex:  9    Spells: 7/15 levels left

rFire    . . .     SeeInvis +   v - +0 dagger (venom)
rCold    . . .     Gourm    .   (no shield)
rNeg     . . .     Faith    .   e - +0 robe (curse)
rPois    +         Spirit   .   b - +0 hat
rElec    .         Reflect  .   (no cloak)
rCorr    .         Harm     .   (no gloves)
MR       .....                  (no barding)
Stlth    ++........             (no amulet)
Regen    0.2/turn               (no ring)
MPRegen  0.2/turn               (no ring)

@: brilliant, flying, hasted, quick
A: see invisible, deformed body, poison resistance, slowness 2, slow metabolism
1, spit poison 1, AC +2
a: Spit Poison


You were on level 4 of the Dungeon.
You were very hungry.

You visited 1 branch of the dungeon, and saw 4 of its levels.

You collected 160 gold pieces.

Inventory:

Hand Weapons
 v - a +0 dagger of venom (weapon)
Armour
 a - a +0 robe
 b - a +0 hat (worn)
 e - a cursed +0 robe (worn)
Jewellery
 x - an uncursed ring of fire {unknown}
 z - a cursed ring of resist corrosion {unknown}
Wands
 p - a wand of flame (25/48)
 u - a wand of digging (16/24)
Scrolls
 h - 2 scrolls of magic mapping
 j - a scroll of fog {unknown}
 k - a scroll of fear {unknown}
 l - a scroll of remove curse {unknown}
 m - 4 scrolls of teleportation {unknown}
 n - 2 scrolls of enchant weapon {unknown}
 o - 2 scrolls of enchant armour {unknown}
 r - 2 scrolls of identify {unknown}
 s - a scroll of random uselessness {unknown}
 y - a scroll of immolation {unknown}
Potions
 g - a potion of curing
 w - a potion of brilliance
Books
 c - a book of Minor Magic

   Spells                             Type                      Level
   a - Magic Dart                     Conjuration                  1
   b - Blink                          Translocation                2
   c - Call Imp                       Summoning                    2
   d - Slow                           Hexes                        2
   e - Conjure Flame                  Conjuration/Fire             3
   f - Mephitic Cloud                 Conjuration/Poison/Air       3
Comestibles
 d - 4 bread rations
 i - a royal jelly
 q - a meat ration


   Skills:
 - Level 1.5 Dodging
 - Level 3.0 Stealth
 + Level 5.0 Spellcasting
 + Level 4.4 Conjurations
 - Level 1.0 Summonings
 - Level 1.0 Translocations


You had 7 spell levels left.
You knew the following spells:

 Your Spells              Type           Power        Failure   Level  Hunger
a - Magic Dart            Conj           ####         1%          1    None
b - Blink                 Tloc           N/A          1%          2    None
c - Conjure Flame         Conj/Fire      ####....     1%          3    ##.....
d - Call Imp              Summ           ####....     1%          2    None


Dungeon Overview and Level Annotations

Branches:
Dungeon (4/15)
 Temple: D:4-7

Altars:
Uskayaw
Xom
Yredelemnul

Annotations:
D:4 Edmund


Innate Abilities, Weirdness & Mutations

You cannot wear boots.
Your serpentine skin is tough. (AC +2)
You have supernaturally acute eyesight. (SInv)
Armour fits poorly on your strangely shaped body.
Your system is resistant to poisons. (rPois)
You cover ground very slowly.
You have a slow metabolism.
You can spit poison.


Message History

It was a potion of flight.
You feel very buoyant.
You fly up into the air.
It was a potion of brilliance.
You feel clever all of a sudden.
Your magical contamination has completely faded away.
Unknown command.
Casting: Call Imp
Confirm with . or Enter, or press ? or * to list all spells.
Okay, then.
Unknown command.
Unknown command.
Unknown command.
Casting: Call Imp
Confirm with . or Enter, or press ? or * to list all spells.
A shadowy apparition takes form in the air.
The ogre looks more healthy.
The ogre hits you with a giant spiked club!!
Ouch! That really hurt!
You die...

#.# #####.........###. #.#
#....####..####...
***#.###....####.....)w..
*,,,........##...o.[###..
*,,,,,,#....o..@.....####
*,,,,,,#....#............
*,,,,,,#..@.#...###...##.
******#.###.O..#...)...#..#.
**,,,,,#....@##########......
**,,,,.........#******#.......
*,,,,,...>....5.#*......##.)..
*,,,,,..........#,.#####*##...
*,,,,,..........#,,,,,,,......
*,,,,,...........,,,,,*#......
*,,,,,..........#.,,,,#..##...
**,,,,<........##..,,...#*#.##
**,,,,,,,,,,,***,,,,.#.,,....


You could see Edmund, an ogre, an orc and a friendly shadow imp.

Vanquished Creatures
  3 crimson imps (D:4)
  An orc wizard (D:4)
  4 gnolls (D:4)
  6 adders
  An ooze (D:1)
  2 worms
  A dart slug (D:1)
  2 leopard geckos (D:1)
  5 orcs
  9 bats
  4 giant cockroaches
  10 hobgoblins
  3 quokkas
  3 frilled lizards
  7 goblins
  10 kobolds
  13 rats
84 creatures vanquished.

Notes
Turn   | Place    | Note
-------+----------+-------------------------------------------
     0 | D:1      | Jannitor the Naga Wizard began the quest for the Orb.
     0 | D:1      | Reached XP level 1. HP: 15/15 MP: 4/4
   262 | D:1      | Reached XP level 2. HP: 21/22 MP: 0/6
   541 | D:1      | Reached XP level 3. HP: 28/28 MP: 1/7
  1839 | D:2      | Reached XP level 4. HP: 36/36 MP: 6/9
  2114 | D:2      | Found a basalt altar of Yredelemnul.
  2651 | D:3      | Reached skill level 4 in Spellcasting
  3033 | D:3      | Found a hide-covered altar of Uskayaw.
  3054 | D:3      | Reached XP level 5. HP: 42/42 MP: 3/11
  3416 | D:4      | Found a shimmering altar of Xom.
  3570 | D:4      | Reached XP level 6. HP: 13/49 MP: 9/13
  3811 | D:4      | Learned a level 2 spell: Blink
  3815 | D:4      | Learned a level 3 spell: Conjure Flame
  3818 | D:4      | Learned a level 2 spell: Call Imp
  3857 | D:4      | Noticed Edmund
  3878 | D:4      | Reached skill level 5 in Spellcasting
  3906 | D:4      | Mangled by an ogre

Skill      XL: |  1  2  3  4  5  6 |
---------------+-------------------+-----
Conjurations   | 2 3 4 |  4.4
Spellcasting   | 4 5 |  5.0
Dodging        | |  1.5
Stealth        | |  3.0
Summonings     | |  1.0
Translocations | |  1.0

Action                   |  1- 3 |  4- 6 || total
-------------------------+-------+-------++-------
Melee: Unarmed           |    12 |       ||    12
       Dagger            |     4 |    62 ||    66
 Cast: Magic Dart        |    78 |   133 ||   211
       Call Imp          |       |     1 ||     1
  Use: Potion            |       |     5 ||     5
       Scroll            |       |     1 ||     1
  Eat: Chunk             |     1 |     4 ||     5
Armor: Robe              |    13 |    19 ||    32
Dodge: Dodged            |    32 |    46 ||    78
